 Dungeon Crawl Stone Soup version 0.26.0-10-g1f06aea511 (webtiles) character file.

Game seed: 15739954756787454239

1836009 Aviak the Slayer (level 27, 193/193 HPs)
             Began as a Gargoyle Berserker on Jan 17, 2021.
             Was a High Priest of Trog.
             Escaped with the Orb
             ... and 3 runes!
             The game lasted 02:04:16 (59149 turns).

Aviak the Slayer (Gargoyle Berserker)              Turns: 59149, Time: 02:04:18

Health: 193/193    AC: 59    Str: 30    XL:     27
Magic:  23/23      EV: 16    Int:  9    God:    Trog [*****.]
Gold:   3700       SH: 35    Dex:  7    Spells: 26/26 levels left

rFire    + + +     SeeInvis .   j - +9 eveningstar (flame)
rCold    + + +     Faith    .   X - +4 tower shield {AC+3}
rNeg     + + +     Spirit   .   O - +8 ice dragon scales {rF- rC++}
rPois    ∞         Reflect  +   (helmet restricted)
rElec    +         Harm     .   b - +2 cloak {rCorr}
rCorr    +         Rampage  .   W - +0 pair of gloves
Will     ++...                  a - +0 pair of boots
Stlth    ..........             F - amulet of reflection
HPRegen  0.42/turn              e - ring "Tockyj" {Wiz rF+++ rN+++ Str-3 Dex-4}
MPRegen  0.18/turn              G - ring "Muhubiga" {rF+ rC++}

@: flying
A: antennae 1, big wings, agile 1, blink, mutation resistance 1, negative energy
resistance 1, electricity resistance, unbreathing, petrification resistance, no
potion heal 1, miasma immunity, AC +20
0: Orb of Zot
}: 3/15 runes: decaying, silver, gossamer
a: Stop Flying, Blink, Renounce Religion, Berserk, Trog's Hand, Brothers in Arms


You escaped.
You worshipped Trog.
Trog was extremely pleased with you.
You visited 9 branches of the dungeon, and saw 47 of its levels.
You visited the Abyss 1 time.
You also visited: Ice Cave.

You collected 7688 gold pieces.
You spent 3988 gold pieces at shops.

Inventory:

Hand Weapons
 j - a +9 eveningstar of flaming (weapon)
Armour
 a - a +0 pair of boots (worn)
 b - a +2 cloak of preservation (worn)
 J - a +2 helmet
 K - a +1 cloak of cold resistance
 O - +8 ice dragon scales (worn) {rF- rC++}
 W - a +0 pair of gloves (worn)
 X - a +4 tower shield of protection (worn)
Jewellery
 e - the ring "Tockyj" (left hand) {Wiz rF+++ rN+++ Str-3 Dex-4}
   (You bought it in a shop on level 14 of the Dungeon)

   [ring of wizardry]

   It improves your spell success rate.
   It affects your strength (-3).
   It affects your dexterity (-4).
   It renders you almost immune to fire.
   It renders you almost immune to negative energy.
 p - a +4 ring of slaying
 A - an uncursed ring of willpower
 E - a +4 ring of evasion
 F - an amulet of reflection (around neck)
 G - the ring "Muhubiga" (right hand) {rF+ rC++}
   (You acquired it on level 4 of the Vaults)

   [ring of protection from fire]

   It protects you from fire.
   It greatly protects you from cold.
 N - an uncursed amulet of regeneration
 V - an uncursed amulet of faith {!P}
 Z - an uncursed ring of see invisible
Wands
 w - a wand of flame (41) (quivered)
 y - a wand of iceblast (66)
 D - a wand of disintegration (31)
 M - a wand of digging (14)
 Q - a wand of paralysis (30)
Scrolls
 i - 27 scrolls of identify
 n - 9 scrolls of immolation
 o - 12 scrolls of fear
 r - 30 scrolls of remove curse
 s - 2 scrolls of summoning {!r}
 t - 26 scrolls of teleportation
 x - 2 scrolls of blinking
 z - 4 scrolls of fog
 H - 10 scrolls of magic mapping
 P - 7 scrolls of silence {!r}
 R - a scroll of vulnerability {!r}
 U - 4 scrolls of brand weapon
 Y - 5 scrolls of enchant weapon
Potions
 c - 12 potions of curing
 d - 6 potions of attraction
 f - 4 potions of haste
 g - 6 potions of might
 h - 12 potions of heal wounds
 l - 4 potions of cancellation
 q - 2 potions of invisibility
 u - 8 potions of lignification {!q}
 v - 9 potions of magic
 B - a potion of mutation {!q}
 C - a potion of berserk rage
 I - 4 potions of ambrosia
 S - 6 potions of resistance
Miscellaneous
 k - a tin of tremorstones (2/2)
 m - a condenser vane
 L - a lightning rod (4/4)
 T - a box of beasts (inert)


   Skills:
 + Level 25.1 Fighting
 - Level 18.6 Maces & Flails
 + Level 24.5 Armour
 - Level 14.0 Dodging
 + Level 24.6 Shields
 - Level 17.0 Evocations


You had 26 spell levels left.
You didn't know any spells.
Your spell library was empty.

Dungeon Overview and Level Annotations

Branches:
Dungeon (15/15)            Temple (1/1) D:4            Lair (6/6) D:9
  Swamp (4/4) Lair:3       Spider (4/4) Lair:2        Slime (0/5) Lair:5
    Orc (2/2) D:12            Elf (0/3) Orc:2        Vaults (5/5) D:14
  Crypt (0/3) Vaults:3     Depths (5/5) D:15            Zot (5/5) Depths:5
  IceCv (visited)

Altars:
Ashenzari
Cheibriados
Dithmenos
Elyvilon
Fedhas
Gozag
Hepliaklqana
Kikubaaqudgha
Makhleb
Nemelex Xobeh
Okawaru
Qazlal
Ru
Sif Muna
Trog
Uskayaw
Vehumet
Wu Jian
Xom
Yredelemnul
Zin
The Shining One
Beogh
Jiyva
Lugonu

Shops:
D:8 ?   D:9 *!   D:14 =(=*   Orc:1 [   Orc:2 [:=([   Vaults:2 *   Depths:3 [*
Depths:4 !

Portals:
Hell: Depths:1 Depths:2 Depths:3 Depths:4 Depths:5
Abyss: Depths:1 Depths:2 Depths:3 Depths:4
Pandemonium: Depths:3 Depths:4
Ziggurat: Depths:2
Trove: Vaults:2 (give +4 fire dragon scales)

Annotations:
Lair:2 exclusion: 3 oklob plants
Lair:3 3 runed translucent doors, sammydre's ghost, journeyman MiBe
Spider:2 1 runed translucent door, dohliylev's ghost, journeyman MiBe
Depths:4 2 transporters, exclusion: obsidian statue
Depths:5 1 exclusion


Innate Abilities, Weirdness & Mutations

You are resistant to torment.
Your stone body is resilient. (AC +20)
You are immune to poison.
Your large and strong wings let you fly indefinitely.
You resist negative energy. (rN+)
You are resistant to electric shocks. (rElec)
You can survive without breathing.
You are immune to petrification.
You are immune to miasma.
You have a pair of small antennae on your head.
You are agile. (Dex +2)
You can translocate small distances at will.
You are somewhat resistant to further mutation.
Potions are less effective at restoring your health.


Message History

You fly upwards.
There is a stone staircase leading down here.
There is a stone staircase leading up here.
You fly upwards.
There is a stone staircase leading down here.
Evoke which item? (* to show all) (? for menu, Esc to quit)
Aiming: Dig
Press: ? - help, Shift-Dir - straight line A rock wall.
This square is covered in magical glow.
The rock shatters into small pieces.
Evoke which item? (* to show all) (? for menu, Esc to quit)
Aiming: Dig
Press: ? - help, Shift-Dir - straight line A rock wall.
This square is covered in magical glow.
The rock shatters into small pieces.
A shadow demon comes into view.
There is a staircase leading out of the dungeon here.
You have escaped!

##.## #...## #####.### #.#
#.#..# #.# #.# ####.# #.# #.#
####.# #.# #.### ####....#
###.# #.#.## ##.##....##
##.#.#
#....####..##.....####....###
#.......'..#28....+..........
#....####..#@.....####.(..###
#.#.## ##.#.8...## ##.#.#
#.### ####....########.#
#.######### #...........#.#
#.........# #.....#####.#.#
#..######.# ####..#####.#.#
#..#### #.######.....##.#.#
#.....###.#.#.###.##......#
##.##.#........##.......###


You could see a shadow demon.

Vanquished Creatures
  6 orbs of fire
  2 ancient liches
  2 shard shrikes
  2 Killer Klowns
  Boris (Depths:4)
  9 golden dragons
  Nikola (Swamp:4)
  the Enchantress (Depths:2)
  Jory (Vaults:3)
  Arachne (Spider:3)
  A bone dragon (Depths:5)
  An iron giant (Zot:5)
  A Tzitzimitl (Zot:5)
  2 Brimstone Fiends
  5 electric golems
  27 tentacled monstrosities
  Jorgrun (Spider:3)
  28 Orb Guardians
  4 liches
  8 quicksilver dragons
  3 titans (Vaults:5)
  An Executioner (Depths:4)
  8 death cobs
  Kirke (Lair:4)
  3 sphinxes
  2 tentacled starspawn (Abyss:3)
  8 tengu reavers
  9 storm dragons
  An azure jelly (shapeshifter) (Depths:3)
  14 shadow dragons
  Donald (Vaults:3)
  3 draconian monks
  6 fire giants
  6 frost giants
  An iron dragon (Vaults:4)
  8 ghost moths
  Aizul (Vaults:2)
  A caustic shrike zombie (Depths:2)
  10 draconian knights
  A balrug (Depths:5)
  2 deep elf sorcerers
  6 draconian scorchers
  An orc warlord (Orc:2)
  5 draconian shifters
  An angel (Zot:5)
  9 draconian annihilators
  14 vault wardens
  8 draconian stormcallers
  6 emperor scorpions (Spider:4)
  3 spriggan defenders (Depths:2)
  15 ironheart preservers
  23 very ugly things
  A green draconian (Zot:2)
  3 war gargoyles
  21 stone giants
  5 vampire knights
  3 entropy weavers
  16 yellow draconians
  A deep elf demonologist (Vaults:5)
  14 purple draconians
  3 bunyips
  10 black draconians
  2 lorocyprocas
  5 spark wasps
  16 red draconians
  A deep elf annihilator (Vaults:2)
  8 white draconians
  10 ettins
  The ghost of kthxbai the Thaumaturge, a journeyman DECj of Vehumet (Orc:1)
  2 eidola
  9 fire dragons
  2 merfolk impalers (Depths:2)
  6 eleionomae
  A deep elf death mage (Vaults:4)
  2 deep elf high priests (Vaults:5)
  3 shambling mangroves
  14 yaktaur captains
  8 rakshasas
  9 ice dragons
  46 vault guards
  10 great orbs of eyes
  5 boulder beetles
  5 spriggan air magi
  Harold (Orc:1)
  28 hydras
  A naga warrior (Abyss:3)
  9 centaur warriors
  A catoblepas (D:15)
  A death knight (Vaults:1)
  16 ogre magi
  11 alligators
  37 two-headed ogres
  A vampire mage (Depths:5)
  2 dancing weapons
  3 orc high priests (Orc:2)
  3 deep troll shamans
  3 hell hogs (Abyss:3)
  10 deep troll earth magi
  8 death scarabs (Spider:4)
  A thrashing horror (Abyss:3)
  6 tengu warriors
  4 spriggan berserkers
  A sun demon (Depths:4)
  A shock serpent (Vaults:3)
  6 deep elf knights
  A storm dragon zombie (Depths:2)
  A fire crab (Vaults:3)
  20 hell knights
  2 shadow wraiths
  2 salamander mystics
  A skeletal warrior (Vaults:3)
  A shadow demon (Depths:4)
  4 unseen horrors
  35 deep trolls
  8 flayed ghosts
  16 swamp dragons
  5 goliath frogs
  4 spriggan druids
  4 glowing orange brains
  9 bog bodies
  An orange crystal statue (Depths:5)
  A gelid demonspawn (Depths:4)
  2 lindwurms
  11 harpies (Vaults:4)
  6 wizards
  11 deep elf archers
  A tengu zombie (Vaults:2)
  A spectral wolf spider (Spider:4)
  2 phantasmal warriors
  11 orb spiders
  13 orc knights
  19 ironbrand convokers
  6 cyclopes
  A salamander (shapeshifter) (Vaults:3)
  6 orc sorcerers
  8 necromancers
  39 ugly things
  19 deep elf magi
  34 moths of wrath
  7 salamanders
  16 wolf spiders
  A manticore (D:15)
  2 worldbinders (Vaults:3)
  Maurice (D:10)
  A faun (shapeshifter) (Depths:1)
  A guardian serpent (Abyss:3)
  A frost giant skeleton (Depths:2)
  An ice statue (IceCv)
  2 apocalypse crabs (Abyss:3)
  A naga mage (Abyss:3)
  14 vault sentinels
  A fire giant skeleton (Vaults:2)
  8 black mambas
  2 molten gargoyles (Vaults:3)
  An elf zombie (Depths:2)
  3 torpor snails
  An orange demon (Depths:4)
  3 smoke demons
  9 cane toads
  A gargoyle (D:14)
  2 kobold demonologists
  2 rime drakes
  10 komodo dragons
  33 yaktaurs
  13 freezing wraiths
  2 efreet
  2 hellwings
  An elf (Vaults:3)
  4 redback zombies (Spider:4)
  A komodo dragon (shapeshifter) (Depths:5)
  2 spectral redbacks (Spider:4)
  12 demonic crawlers
  An ancient zyme (Abyss:3)
  25 jumping spiders
  11 polar bears
  A wolf spider simulacrum (IceCv)
  2 spectral tarantellas (Spider:4)
  6 tyrant leeches
  A hornet (shapeshifter) (Abyss:3)
  4 tengu conjurers
  3 spectral jumping spiders (Spider:4)
  Grinder (D:4)
  4 raiju
  A bloated husk (Swamp:1)
  21 hornets
  10 trolls
  A wind drake (shapeshifter) (D:12)
  23 slime creatures
  2 raiju (shapeshifter)
  9 blink frogs
  A dream sheep (shapeshifter) (Abyss:3)
  6 dream sheep (Lair:6)
  2 jumping spider zombies (Spider:4)
  A spriggan zombie (Depths:2)
  An air elemental (Vaults:3)
  3 shadows
  An ettin skeleton (Vaults:2)
  21 water elementals
  10 spriggans
  42 tarantellas
  A wraith (Vaults:1)
  46 yaks
  A ynoxinul (Abyss:3)
  2 hogs (Lair:4)
  5 large abominations
  57 redbacks
  A human (shapeshifter) (Depths:3)
  A spriggan (shapeshifter) (Vaults:5)
  4 wyverns
  21 fire elementals
  5 vampire mosquitoes
  A basilisk (shapeshifter) (Vaults:4)
  4 basilisks
  2 chaos spawn
  A human (Vaults:3)
  A yak (shapeshifter) (Depths:1)
  A hog (shapeshifter) (Vaults:5)
  9 wargs
  3 steam dragons
  2 neqoxecs
  2 nagas (Abyss:3)
  4 small abominations (Abyss:3)
  15 swamp worms
  4 acid dragons
  12 water moccasins
  A floating eye (Depths:3)
  17 hell hounds
  A spectral hornet (Spider:4)
  11 black bears
  12 swamp drakes
  40 orc warriors
  10 ice beasts
  A sky beast (shapeshifter) (Depths:1)
  5 sky beasts
  An ettin simulacrum (Vaults:2)
  2 phantoms
  15 boggarts
  19 wolves
  46 ogres
  12 centaurs
  2 big kobolds
  21 bullfrogs
  9 scorpions
  10 killer bees
  2 electric eels
  19 wights
  4 howler monkeys
  6 centaur zombies
  A lava snake (Vaults:3)
  A crimson imp (Depths:5)
  3 quasits
  11 starcursed masses (Abyss:3)
  3 draconian simulacra (IceCv)
  A gnoll shaman (D:8)
  2 bullfrog zombies
  3 hounds
  5 jellies
  2 bullfrog skeletons
  26 orc priests
  5 centaur skeletons
  2 iron imps (Depths:4)
  5 iguanas (Lair:6)
  29 orc wizards
  4 lightning spires (Vaults:3)
  12 worker ants
  2 polar bear simulacra (IceCv)
  5 troll simulacra (IceCv)
  A wolf simulacrum (IceCv)
  A spriggan simulacrum (IceCv)
  A killer bee zombie (D:6)
  A centaur simulacrum (IceCv)
  A hound zombie (D:11)
  15 adders
  14 gnolls
  5 naga simulacra (IceCv)
  2 ogre simulacra (IceCv)
  2 shadow imps
  14 white imps
  3 ufetubi
  2 oozes
  4 adder zombies
  2 worms (D:4)
  An adder skeleton (D:5)
  5 leopard geckos
  152 orcs
  2 ball pythons
  3 giant cockroaches
  4 goblins
  4 hobgoblins
  14 jackals
  11 kobolds
  18 bats
  5 frilled lizards
  A leopard gecko zombie (D:7)
  A quokka skeleton (D:4)
  5 rats
2248 creatures vanquished.

Vanquished Creatures (collateral kills)
  An orb of fire (Zot:3)
  Margery (Vaults:2)
  Saint Roka (Depths:2)
  Xtahua (Vaults:2)
  A shadow dragon (Zot:3)
  A deep elf sorcerer (Depths:1)
  2 fire giants (Depths:1)
  Louise (Spider:3)
  An emperor scorpion (Spider:3)
  A very ugly thing (Depths:2)
  Snorg (D:14)
  A merfolk javelineer (Depths:1)
  2 boulder beetles
  A hydra (D:12)
  An ice dragon (D:9)
  3 two-headed ogres
  A catoblepas (D:14)
  Urug (D:10)
  A wizard (D:14)
  A deep elf mage (D:14)
  2 wolf spiders (Spider:4)
  A cyclops (D:12)
  8 slime creatures
  A manticore (D:12)
  An ugly thing (D:12)
  A centaur skeleton (D:14)
  A cane toad (Lair:2)
  A yaktaur (Depths:2)
  A freezing wraith (IceCv)
  2 komodo dragons (D:9)
  2 jumping spiders
  A demonic crawler (Spider:1)
  A polar bear (Lair:6)
  3 tarantellas (Spider:4)
  A redback (Spider:1)
  A water elemental (Depths:1)
  A redback (shapeshifter) (D:9)
  A hog (Lair:4)
  A human (D:14)
  A basilisk (Lair:4)
  3 wargs
  A hell hound (Lair:6)
  2 water moccasins
  2 orc warriors
  A black bear (Lair:6)
  2 ogres (Vaults:2)
  A wolf (Lair:6)
  2 orc priests
  An iguana (Lair:6)
  A worker ant (D:10)
  2 naga simulacra (IceCv)
  An ogre simulacrum (IceCv)
  A white imp (IceCv)
  4 orcs
80 creatures vanquished.

Vanquished Creatures (others)
  A tentacled monstrosity (Zot:1)
  2 fire giants (Depths:3)
  A red draconian (Abyss:3)
  A deep elf knight (Vaults:2)
  A lindwurm (Vaults:3)
  A moth of wrath (Zot:2)
  2 humans (Lair:4)
  A swamp worm (Swamp:4)
  A vampire mosquito (Swamp:4)
  2 ogres (Depths:3)
  An ufetubus (Depths:3)
  An orc (Vaults:5)
  3 ball lightnings (Vaults:3)
  12 fungi
  72 plants
  7 starspawn tentacles (Abyss:3)
109 creatures vanquished.

Grand Total: 2437 creatures vanquished

Notes
Turn   | Place    | Note
-------+----------+-------------------------------------------
     0 | D:1      | Aviak the Gargoyle Berserker began the quest for the Orb.
     0 | D:1      | Reached XP level 1. HP: 14/14 MP: 1/1
   263 | D:1      | Reached XP level 2. HP: 18/19 MP: 2/2
   800 | D:1      | Reached XP level 3. HP: 23/23 MP: 3/3
   968 | D:1      | Reached ** piety under Trog
  1796 | D:2      | Found an iron altar of Okawaru.
  1871 | D:3      | Noticed a bullfrog
  1889 | D:2      | Killed a bullfrog
  1890 | D:2      | Reached skill level 4 in Fighting
  1890 | D:2      | Reached XP level 4. HP: 28/30 MP: 4/4
  1890 | D:2      | Reached XP level 5. HP: 31/34 MP: 5/5
  2374 | D:4      | Reached XP level 6. HP: 40/40 MP: 6/6
  2399 | D:3      | Reached skill level 5 in Fighting
  2625 | D:4      | Reached *** piety under Trog
  2754 | D:4      | Reached XP level 7. HP: 33/44 MP: 7/7
  2763 | D:4      | Reached skill level 5 in Maces & Flails
  2776 | D:4      | Reached skill level 5 in Armour
  2854 | D:4      | Found a staircase to the Ecumenical Temple.
  2903 | Temple   | Entered the Ecumenical Temple
  3263 | D:4      | Noticed Grinder
  3263 | D:4      | Paralysed by Grinder for 2 turns
  3279 | D:4      | Paralysed by Grinder for 7 turns
  3302 | D:4      | Paralysed by Grinder for 4 turns
  3308 | D:4      | Killed Grinder
  3309 | D:4      | Reached skill level 6 in Fighting
  3309 | D:4      | Reached XP level 8. HP: 46/52 MP: 8/8
  3613 | D:5      | Entered Level 5 of the Dungeon
  3994 | D:5      | Reached **** piety under Trog
  4021 | D:5      | Reached skill level 7 in Fighting
  4027 | D:5      | Found the +7 Singing Sword {vorpal, sonic wave}
  4146 | D:5      | Found an ornate altar of the Wu Jian Council.
  4879 | D:6      | Found the +10 Black Knight's barding {ponderous, rPois rN+}
  5005 | D:6      | Reached XP level 9. HP: 11/58 MP: 9/9
  5207 | D:6      | Reached skill level 8 in Fighting
  5358 | D:6      | Found a shadowy altar of Dithmenos.
  6430 | D:7      | Reached skill level 9 in Fighting
  6709 | D:8      | Found Keus's Magic Scroll Shoppe.
  6772 | D:8      | Bought a scroll of blinking for 112 gold pieces
  6772 | D:8      | Bought a scroll of identify for 30 gold pieces
  6935 | D:8      | Found a hide-covered altar of Uskayaw.
  6970 | D:8      | Found a sparkling altar of Nemelex Xobeh.
  7064 | D:8      | Reached XP level 10. HP: 57/66 MP: 10/10
  7374 | D:8      | Found an opulent altar of Gozag.
  7375 | D:8      | Found a sparkling altar of Nemelex Xobeh.
  7845 | D:9      | Found Edotac's Distillery.
  7853 | D:9      | Bought a potion of heal wounds for 65 gold pieces
  7862 | D:9      | Found a shadowy altar of Dithmenos.
  7865 | D:9      | Found a blossoming altar of Fedhas.
  7866 | D:9      | Found a basalt altar of Yredelemnul.
  7908 | D:9      | Found Saidaq's Assorted Antiques.
  7917 | D:9      | Bought a shiny scale mail for 224 gold pieces
  7965 | D:9      | Noticed a two-headed ogre
  7974 | D:9      | Killed a two-headed ogre
  7975 | D:9      | Reached skill level 10 in Fighting
  8483 | D:9      | Noticed an ice dragon
  8483 | D:9      | Noticed a centaur warrior
  8507 | D:10     | Entered Level 10 of the Dungeon
  8515 | D:10     | Reached skill level 10 in Armour
  8628 | D:10     | Noticed a two-headed ogre
  8643 | D:10     | Killed a two-headed ogre
  8680 | D:10     | Noticed Maurice
  8986 | D:10     | Noticed Urug
  9004 | D:10     | Killed Urug
  9005 | D:10     | Reached XP level 11. HP: 49/73 MP: 11/11
  9167 | D:10     | Found a roughly hewn altar of Beogh.
  9189 | D:10     | Reached skill level 10 in Maces & Flails
  9325 | D:10     | Reached skill level 1 in Evocations
  9452 | D:10     | Killed Maurice
  9453 | D:10     | Reached skill level 11 in Fighting
  9676 | D:11     | Noticed a five-headed hydra
  9682 | D:11     | Killed a five-headed hydra
  9894 | D:11     | Reached ***** piety under Trog
  9913 | D:11     | Reached skill level 12 in Fighting
 10053 | D:11     | Reached XP level 12. HP: 69/81 MP: 12/12
 10160 | D:11     | Noticed a boulder beetle
 10195 | D:11     | Killed a boulder beetle
 10196 | D:11     | Reached skill level 5 in Evocations
 10494 | D:9      | Killed an ice dragon
 10499 | D:9      | Killed a centaur warrior
 10637 | D:9      | Found a hazy altar of Hepliaklqana.
 10768 | D:9      | Found a staircase to the Lair.
 10818 | Lair:1   | Entered Level 1 of the Lair of Beasts
 11458 | Lair:2   | Noticed a five-headed hydra
 11473 | Lair:2   | Killed a five-headed hydra
 11526 | Lair:2   | Reached skill level 1 in Shields
 11528 | Lair:2   | Noticed a five-headed hydra
 11539 | Lair:2   | Killed a five-headed hydra
 11540 | Lair:2   | Reached skill level 13 in Fighting
 11665 | Lair:2   | Found a hole to the Spider Nest.
 11684 | Lair:2   | Reached XP level 13. HP: 84/88 MP: 13/13
 12800 | Lair:3   | Found a runed translucent gate.
 12800 | Lair:3   | Found a runed translucent gate.
 12800 | Lair:3   | Found a runed translucent gate.
 12803 | Lair:3   | Noticed a death ooze
 12869 | Lair:3   | Found a staircase to the Swamp.
 12949 | Lair:3   | Found a viscous altar of Jiyva.
 12949 | Lair:3   | Noticed sammydre's ghost (journeyman MiBe)
 13259 | Lair:4   | Noticed Kirke
 13273 | Lair:4   | Killed Kirke
 13428 | Lair:4   | You fall into a shaft and drop 2 floors!
 13428 | Lair:6   | Entered Level 6 of the Lair of Beasts
 13441 | Lair:6   | Found a frozen archway.
 13450 | IceCv    | Entered an ice cave
 13457 | IceCv    | Received a gift from Trog
 13748 | IceCv    | Found an ancient bone altar of Kikubaaqudgha.
 14150 | Lair:6   | Reached skill level 14 in Fighting
 14299 | Lair:4   | Gained mutation: Your large and strong wings let you fly
                  | indefinitely. [Gargoyle growth]
 14299 | Lair:4   | Reached XP level 14. HP: 96/96 MP: 14/14
 14922 | Lair:5   | Found a hide-covered altar of Uskayaw.
 15320 | Lair:5   | Found a staircase to the Slime Pits.
 16377 | Lair:6   | Received a gift from Trog
 16492 | Lair:6   | Got an ichor-stained chain mail
 16520 | Lair:6   | Identified the +2 chain mail of Ehiq Enu {rF+} (You found
                  | it on level 6 of the Lair of Beasts)
 17356 | D:12     | Found a staircase to the Orcish Mines.
 17836 | D:12     | Reached skill level 15 in Fighting
 17885 | D:12     | Reached XP level 15. HP: 103/103 MP: 15/15
 17888 | D:12     | Found a shimmering altar of Xom.
 18173 | Orc:1    | Entered Level 1 of the Orcish Mines
 18222 | Orc:1    | Found Itsicleph's Antique Armour Shop.
 18230 | Orc:1    | Bought a faintly glowing chain mail for 323 gold pieces
 18230 | Orc:1    | Bought a shiny tower shield for 255 gold pieces
 18250 | Orc:1    | Identified the +8 chain mail of Syndicalism {*Slow Int+5}
                  | (You bought it in a shop on level 1 of the Orcish Mines)
 18279 | Orc:1    | Found a runed translucent gate.
 18280 | Orc:1    | Found a runed translucent gate.
 18281 | Orc:1    | Found a runed translucent gate.
 18281 | Orc:1    | Noticed kthxbai's ghost (journeyman DECj)
 18298 | Orc:1    | Noticed Harold
 18318 | Orc:1    | Killed Harold
 18508 | Orc:1    | Killed kthxbai's ghost
 18592 | Orc:1    | Reached skill level 10 in Evocations
 18805 | Orc:2    | Entered Level 2 of the Orcish Mines
 18920 | Orc:2    | Found a roughly hewn altar of Beogh.
 18930 | Orc:2    | Found Hohaf's Jewellery Shop.
 19132 | Orc:2    | Found a roughly hewn altar of Beogh.
 19212 | Orc:2    | Found a roughly hewn altar of Beogh.
 19242 | Orc:2    | Found a roughly hewn altar of Beogh.
 19434 | Orc:2    | Paralysed by an orc sorcerer for 2 turns
 19445 | Orc:2    | Received a gift from Trog
 19454 | Orc:2    | Found a roughly hewn altar of Beogh.
 19463 | Orc:2    | Found Qesabo's Armour Boutique.
 19520 | Orc:2    | Found Seawareib's Book Emporium.
 19532 | Orc:2    | Found a staircase to the Elven Halls.
 19666 | Orc:2    | Found a roughly hewn altar of Beogh.
 19712 | Orc:2    | Noticed an orc warlord
 19724 | Orc:2    | Reached skill level 5 in Shields
 19742 | Orc:2    | Killed an orc warlord
 19770 | Orc:2    | Found Lanitat's Antique Weapon Boutique.
 19771 | Orc:2    | Found a roughly hewn altar of Beogh.
 19774 | Orc:2    | Found Cimacw's Antique Armour Shop.
 19812 | Orc:2    | Bought a masterwork chain mail for 180 gold pieces
 19812 | Orc:2    | Bought a shiny helmet for 142 gold pieces
 19812 | Orc:2    | Bought a distressingly furry plate armour for 532 gold
                  | pieces
 19822 | Orc:2    | Identified the +2 plate armour of Insatiable Hunger {rPois
                  | rC++ Will-} (You bought it in a shop on level 2 of the
                  | Orcish Mines)
 19832 | Orc:2    | Identified the +8 chain mail of the Valley {Stlth+} (You
                  | bought it in a shop on level 2 of the Orcish Mines)
 19944 | Orc:2    | Found a roughly hewn altar of Beogh.
 20716 | D:14     | Reached ****** piety under Trog
 20798 | D:14     | Found Mapror's General Store.
 20891 | D:14     | Bought a potion of heal wounds for 90 gold pieces
 20891 | D:14     | Bought a scroll of fear for 63 gold pieces
 20891 | D:14     | Bought a scroll of identify for 36 gold pieces
 20897 | D:14     | Found Gairaler's Jewellery Shop.
 20905 | D:14     | Received a gift from Trog
 21031 | D:14     | Identified a scroll of acquirement
 21032 | D:14     | Acquired a manual of Maces & Flails
 21097 | D:14     | Found a gate to the Vaults.
 21207 | D:14     | Noticed Snorg
 21220 | D:14     | Killed Snorg
 21234 | D:14     | Found Xoifid's Weapon Boutique.
 21282 | D:14     | Found Beqoow's Jewellery Emporium.
 21529 | D:15     | Entered Level 15 of the Dungeon
 21815 | D:15     | Reached XP level 16. HP: 83/109 MP: 16/16
 21972 | D:15     | Found a staircase to the Depths.
 22052 | D:15     | Received a gift from Trog
 22055 | D:15     | Got a pitted morningstar {god gift}
 22056 | D:15     | Identified the +7 morningstar of the Kidney {vorpal, *Noise
                  | +Rage Str+4} (Trog gifted it to you on level 15 of the
                  | Dungeon)
 22667 | Swamp:1  | Entered Level 1 of the Swamp
 22690 | Swamp:1  | Reached skill level 15 in Maces & Flails
 23258 | Swamp:1  | You fall into a shaft and drop 1 floor!
 23266 | Swamp:2  | Reached skill level 16 in Fighting
 23331 | Swamp:1  | Reached skill level 15 in Armour
 23617 | Swamp:2  | Acquired a manual of Dodging
 23664 | Swamp:2  | Acquired a manual of Evocations
 24057 | Swamp:3  | Received a gift from Trog
 24118 | Swamp:3  | Reached skill level 5 in Dodging
 24569 | Swamp:4  | Entered Level 4 of the Swamp
 24584 | Swamp:3  | Reached XP level 17. HP: 88/115 MP: 17/17
 25138 | Swamp:4  | Reached skill level 10 in Shields
 25377 | Swamp:4  | Noticed Nikola
 25389 | Swamp:4  | Killed Nikola
 25766 | Swamp:4  | Got a decaying rune of Zot
 25991 | Spider:1 | Entered Level 1 of the Spider Nest
 26001 | Spider:1 | Received a gift from Trog
 26779 | Spider:2 | Found a runed translucent door.
 26781 | Spider:2 | Noticed dohliylev's ghost (journeyman MiBe)
 27115 | Spider:3 | Noticed Jorgrun
 27124 | Spider:3 | Killed Jorgrun
 27339 | Spider:3 | Received a gift from Trog
 27347 | Spider:3 | Noticed Arachne
 27362 | Spider:3 | Killed Arachne
 27363 | Spider:3 | Reached skill level 10 in Dodging
 27366 | Spider:3 | Reached XP level 18. HP: 105/120 MP: 18/18
 27368 | Spider:3 | Noticed Louise
 27381 | Spider:3 | Killed Louise
 27881 | Spider:4 | Entered Level 4 of the Spider Nest
 28338 | Spider:4 | Received a gift from Trog
 28341 | Spider:4 | Reached skill level 15 in Evocations
 29096 | Spider:4 | Received a gift from Trog
 29421 | Spider:4 | Got a gossamer rune of Zot
 29782 | D:14     | Bought the ring "Tockyj" {Wiz rF+++ rN+++ Str-3 Dex-4} for
                  | 1096 gold pieces
 29815 | Vaults:1 | Entered Level 1 of the Vaults
 30131 | Vaults:1 | Reached XP level 19. HP: 91/125 MP: 19/19
 30308 | Vaults:1 | Received a gift from Trog
 31370 | Vaults:1 | Paralysed by a great orb of eyes for 4 turns
 31718 | Vaults:2 | Received a gift from Trog
 32183 | Vaults:2 | Noticed Xtahua
 32188 | Vaults:2 | Paralysed by Xtahua for 2 turns
 32200 | Vaults:2 | Killed Xtahua
 32567 | Vaults:2 | Noticed Aizul
 32577 | Vaults:2 | Killed Aizul
 32735 | Vaults:2 | Reached XP level 20. HP: 131/131 MP: 20/20
 32752 | Vaults:2 | Found a portal to a secret trove of treasure.
 32803 | Vaults:2 | Reached skill level 15 in Shields
 32901 | Vaults:2 | Received a gift from Trog
 32915 | Vaults:2 | Noticed Margery
 32916 | Vaults:2 | Found Supoo's Assorted Antiques.
 32928 | Vaults:2 | Killed Margery
 32966 | Vaults:2 | Bought a pitted chain mail for 294 gold pieces
 32976 | Vaults:2 | Identified the +0 chain mail of Untruth {rPois Will+ Int-5}
                  | (You bought it in a shop on level 2 of the Vaults)
 33453 | Vaults:3 | Noticed Jory
 33472 | Vaults:3 | Killed Jory
 33971 | Vaults:3 | Identified the Tome of Summoning
 34685 | Vaults:3 | Found a staircase to the Crypt.
 34731 | Vaults:3 | Noticed Donald
 34755 | Vaults:3 | Killed Donald
 35168 | Vaults:3 | Identified Sif Muna's Handbook of Air
 35381 | Vaults:4 | Received a gift from Trog
 35382 | Vaults:4 | Reached XP level 21. HP: 94/138 MP: 21/21
 35667 | Vaults:4 | Reached skill level 17 in Fighting
 35764 | Vaults:4 | Paralysed by an ogre mage for 6 turns
 35772 | Vaults:4 | Paralysed by an ogre mage for 3 turns
 36493 | Vaults:4 | Received a gift from Trog
 37146 | Vaults:5 | Entered Level 5 of the Vaults
 37156 | Vaults:5 | Received a gift from Trog
 37480 | Vaults:5 | Noticed a golden dragon
 37842 | Vaults:4 | Killed a golden dragon
 37890 | Vaults:5 | Reached XP level 22. HP: 146/146 MP: 22/22
 38075 | Vaults:4 | Reached skill level 18 in Fighting
 38160 | Vaults:5 | Received a gift from Trog
 38401 | Vaults:4 | Acquired the ring "Muhubiga" {rF+ rC++}
 38603 | Vaults:5 | Cast into level 3 of the Abyss (a deep elf sorcerer)
 38958 | Vaults:5 | Escaped the Abyss
 38977 | Vaults:5 | Received a gift from Trog
 39146 | Vaults:5 | Acquired 1215 gold pieces
 39411 | Vaults:5 | Got a silver rune of Zot
 39644 | Vaults:5 | Reached skill level 19 in Fighting
 39785 | Vaults:5 | Reached XP level 23. HP: 155/155 MP: 23/23
 39790 | Vaults:5 | Received a gift from Trog
 39866 | Vaults:5 | Found the +10 tower shield of Ignorance {rN+ Int-4}
 40715 | Depths:1 | Entered Level 1 of the Depths
 41145 | Depths:1 | Received a gift from Trog
 41243 | Depths:1 | Found a gateway to Hell.
 41367 | Depths:1 | Found a one-way gate to the infinite horrors of the Abyss.
 42457 | Depths:2 | Noticed Saint Roka
 42495 | Depths:2 | Killed Saint Roka
 42702 | Depths:2 | Noticed the Enchantress
 42724 | Depths:2 | Reached skill level 20 in Fighting
 42733 | Depths:2 | Killed the Enchantress
 42770 | Depths:2 | Reached XP level 24. HP: 117/163 MP: 23/23
 42909 | Depths:2 | Found a gateway to a ziggurat.
 43073 | Depths:2 | Found a corrupted altar of Lugonu.
 43735 | Depths:3 | Received a gift from Trog
 43990 | Depths:3 | Found a one-way gate leading to the halls of Pandemonium.
 44493 | Depths:3 | Found Baaxtup's Antique Armour Emporium.
 44511 | Depths:3 | Bought a runed hat for 161 gold pieces
 44627 | Depths:3 | Found Joluduag's General Store.
 44635 | Depths:3 | Bought a potion of resistance for 220 gold pieces
 44635 | Depths:3 | Bought a +0 chain mail for 99 gold pieces
 44635 | Depths:3 | Bought a scroll of teleportation for 66 gold pieces
 44782 | Depths:4 | Noticed Boris
 44794 | Depths:4 | Killed Boris
 44794 | Depths:4 | Received a gift from Trog
 45409 | Depths:4 | Found a transporter.
 45411 | Depths:4 | Found a transporter.
 45430 | Depths:4 | Reached skill level 21 in Fighting
 45690 | Depths:4 | Paralysed by a great orb of eyes for 5 turns
 46130 | Depths:4 | Found Xoodiejo's Distillery.
 46203 | Depths:5 | Entered Level 5 of the Depths
 46292 | Depths:5 | Reached XP level 25. HP: 171/171 MP: 23/23
 46468 | Depths:5 | Received a gift from Trog
 46694 | Depths:5 | Found a gate to the Realm of Zot.
 46982 | Depths:5 | Identified the +2 plate armour of Broken Taboos {rPois rF++
                  | Str-4 SInv} (You found it on level 5 of the Depths)
 47762 | Zot:1    | Entered Level 1 of the Realm of Zot
 48213 | Zot:1    | Noticed an orb of fire
 48232 | Zot:1    | Killed an orb of fire
 48245 | Zot:1    | Reached skill level 22 in Fighting
 49487 | Zot:2    | Reached XP level 26. HP: 169/180 MP: 23/23
 49519 | Zot:2    | Received a gift from Trog
 49520 | Zot:2    | Found the +6 shillelagh "Devastator" {shatter}
 50345 | Zot:2    | Noticed an orb of fire
 50356 | Zot:2    | Killed an orb of fire
 50781 | Zot:2    | Noticed a Killer Klown
 50794 | Zot:2    | Killed a Killer Klown
 51398 | Zot:3    | Reached skill level 23 in Fighting
 52114 | Zot:3    | Received a gift from Trog
 52203 | Zot:3    | Noticed an orb of fire
 52206 | Zot:3    | Gained mutation: You are weak. (Str -2) [an orb of fire]
 52216 | Zot:3    | Gained mutation: You tend to lose your temper in combat.
                  | [an orb of fire]
 52220 | Zot:3    | Gained mutation: You are dopey. (Int -2) [an orb of fire]
 52222 | Zot:3    | Killed an orb of fire
 52359 | Zot:3    | Lost mutation: You are dopey. (Int -2) [potion of mutation]
 52359 | Zot:3    | Lost mutation: You tend to lose your temper in combat.
                  | [potion of mutation]
 52359 | Zot:3    | Lost mutation: You are weak. (Str -2) [potion of mutation]
 52359 | Zot:3    | Gained mutation: You have a pair of small antennae on your
                  | head. [potion of mutation]
 52359 | Zot:3    | Gained mutation: Potions are less effective at restoring
                  | your health. [potion of mutation]
 52359 | Zot:3    | Gained mutation: You are somewhat resistant to further
                  | mutation. [potion of mutation]
 53306 | Zot:4    | Reached XP level 27. HP: 184/188 MP: 23/23
 54329 | Zot:5    | Entered Level 5 of the Realm of Zot
 54755 | Zot:5    | Found the +3 giant club "Skullcrusher" {speed, Str+7}
 55268 | Zot:5    | Noticed an orb of fire
 55268 | Zot:5    | Noticed an orb of fire
 55273 | Zot:5    | Noticed an orb of fire
 55274 | Zot:5    | Noticed an ancient lich
 55274 | Zot:5    | Noticed an ancient lich
 55275 | Zot:5    | Noticed an orb of fire
 55279 | Zot:5    | Gained mutation: You are frail. (-10% HP) [an orb of fire]
 55280 | Zot:5    | Reached skill level 24 in Fighting
 55287 | Zot:5    | Killed an orb of fire
 55288 | Zot:5    | Killed an orb of fire
 55319 | Zot:4    | HP: 1/171 [something/iron shot (66)]
 55878 | Zot:3    | Killed an orb of fire
 56030 | Zot:4    | Killed an ancient lich
 56316 | Zot:4    | Killed an orb of fire
 56714 | Zot:5    | Killed an ancient lich
 57730 | Zot:5    | Received a gift from Trog
 57744 | Zot:5    | Gained mutation: You are very frail. (-20% HP) [mutagenic
                  | glow]
 57753 | Zot:5    | Gained mutation: Your spells are a little easier to cast,
                  | but a little less powerful. [mutagenic glow]
 57783 | Zot:5    | Gained mutation: Your spells are easier to cast, but less
                  | powerful. [mutagenic glow]
 58116 | Zot:5    | Gained mutation: Your body sometimes deteriorates upon
                  | taking damage. [mutagenic glow]
 58132 | Zot:5    | Gained mutation: You are agile. (Dex +2) [mutagenic glow]
 58147 | Zot:5    | Gained mutation: Your magical capacity is low. (-10% MP)
                  | [mutagenic glow]
 58395 | Zot:5    | Lost mutation: You are agile. (Dex +2) [potion of mutation]
 58395 | Zot:5    | Lost mutation: Your spells are easier to cast, but less
                  | powerful. [potion of mutation]
 58395 | Zot:5    | Lost mutation: Your body sometimes deteriorates upon taking
                  | damage. [potion of mutation]
 58396 | Zot:5    | Lost mutation: You are very frail. (-20% HP) [potion of
                  | mutation]
 58396 | Zot:5    | Lost mutation: Your magical capacity is low. (-10% MP)
                  | [potion of mutation]
 58396 | Zot:5    | Lost mutation: Your spells are a little easier to cast, but
                  | a little less powerful. [potion of mutation]
 58396 | Zot:5    | Lost mutation: You are frail. (-10% HP) [potion of
                  | mutation]
 58396 | Zot:5    | Gained mutation: You can translocate small distances at
                  | will. [potion of mutation]
 58396 | Zot:5    | Gained mutation: You are agile. (Dex +2) [potion of
                  | mutation]
 58502 | Zot:5    | Got the Orb of Zot
 58565 | Zot:5    | Reached skill level 25 in Fighting
 58953 | D:12     | Noticed Ateguc the pandemonium lord
 59149 | D:$      | Escaped with the Orb!

Illustrated notes

Levels and vault maps discovered:
D:1:      mrwooster_arrival_statue, layout_loops_corners, minmay_cupped
D:2:      layout_loops_ring, marbit_many_paths
D:3:      layout_rooms
D:4:      layout_rooms, minmay_temple_entry_overgrown, st_stairs_10,
          uniq_grinder
D:5:      old_forge, layout_loops_corners, lemuel_doored_altar
D:6:      layout_loops_ring, grunt_ministairs_12, grunt_dithmenos_smoke
D:7:      layout_loops_ring, uniq_crazy_yiuf_cottage
D:8:      layout_rooms, grunt_temple_overflow_opulence,
          overflow_temple_1_default, serial_shops, shop, basic_altar
D:9:      layout_stronghold, nzn_hepliaklqana_mist_gate,
          chequers_temple_overflow_statue_of_worship, erik_lair_dragon,
          serial_shops, shop, shop, wad_scary_box
D:10:     layout_roguey [special_room_orc], uniq_maurice, uniq_urug
D:11:     layout_roguey
D:12:     layout_grid_maze, orc_0_dummy, minmay_ruined_shrine
D:13:     layout_irregular_city
D:14:     layout_cave_pools, grunt_vaults_entry_fortified, serial_shops,
          kennysheep_little_box, nicolae_shop_waterfront, shop, shop,
          chequers_avenue, drop_trap, uniq_snorg
D:15:     grunt_enter_depths_giant_problem, layout_loops_ring, minivault_14
Temple:   nicolae_temple_figure_eight
Lair:1:   layout_loops_ring
Lair:2:   layout_gridlike, dummy_spider_entry, infiniplex_staircase_pool_2,
          grunt_megastairs_2, minmay_lair_oklob_chamber, serial_bayou_shore_a,
          lemuel_fruit_tree
Lair:3:   layout_hall_layers, skrybe_swamp_entry_bodies, gammafunk_ghost_ooze,
          st_stairs_9
Lair:4:   layout_loops_ring, beast_lair_carwin_3, uniq_kirke
Lair:5:   layout_long_grid, dpeg_slime_entry_corner, basic_altar
Lair:6:   guppyfry_lair_end_dragon, layout_cave_pods,
          hangedman_lair_caniforms_friends, portal_ice_cave_entry_pillars_1,
          minivault_24
Swamp:1:  layout_falls_marsh, nicolae_swamp_treefoil
Swamp:2:  layout_falls_marsh, nicolae_swamp_fairy_circle, swamp_pool3
Swamp:3:  layout_basic_swamp, nicolae_swamp_trees_clearing
Swamp:4:  swamp_basic_johnstein, layout_basic_swamp, swamp_pool4, uniq_nikola
Spider:1: layout_spider_delve
Spider:2: layout_spider_delve, gammafunk_ghost_grave
Spider:3: layout_spider_delve, drop_trap, uniq_arachne, uniq_louise,
          uniq_jorgrun
Spider:4: floodkiller_spider_rune_tomb
Orc:1:    layout_caves, gammafunk_ghost_split, serial_shops, shop, uniq_harold
Orc:2:    grunt_orc_community_town_hall, layout_caves,
          grunt_orc_community_big_house_1, grunt_orc_community_big_house_1,
          grunt_orc_community_house_2, grunt_orc_community_house_1,
          grunt_orc_community_house_1, grunt_orc_community_house_2,
          grunt_orc_community_house_3, grunt_orc_community_house_1,
          serial_shops, nicolae_shop_crystal
Vaults:1: v_misc_22, v_rooms_6, vaults_dpeg_spiral, grunt_vaults_twisty,
          v_misc_16, grunt_vaults_focal, nicolae_vaults_rhombus_6,
          vaults_mumra_hex, nicolae_vaults_ring_of_whatevers,
          layout_vaults_omnigrid
Vaults:2: vaults_room_octagon, ontoclasm_vaults_gateway,
          nicolae_vaults_asterisk, v_rooms_6, hangedman_vaults_snaps, v_misc_11,
          nicolae_vaults_little_ls, nicolae_vaults_little_squares_6,
          grunt_vaults_swirl, hangedman_vaults_river_flow,
          hangedman_vaults_pinch, grunt_vaults_hallway_long,
          vaults_room_door_ring, nicolae_vaults_little_squares_3,
          ontoclasm_vaults_twist, vaults_room_stairs_pillars,
          layout_vaults_omnibox, enter_trove_1, serial_shops, shop, uniq_xtahua,
          uniq_margery, uniq_aizul
Vaults:3: nicolae_vaults_hallways_thing, hangedman_vaults_nails, v_misc_9,
          grunt_vaults_hallway_short, nicolae_vaults_holding_cells,
          minmay_crypt_entry_simple_corners, hangedman_vaults_corner_blocks,
          v_misc_12, nicolae_vaults_what_the_h, vaults_mumra_lcd, v_misc_25,
          nicolae_vaults_little_squares_4, layout_vaults_maze,
          serial_hangedman_research, hangedman_research_pyrotechnics,
          hangedman_research_convocations, hangedman_research_electronics,
          uniq_donald, uniq_jory
Vaults:4: vaults_standard_mumra_x, v_misc_30, nicolae_vaults_circle_grid_a,
          ontoclasm_vaults_bender, vaults_room_stairs_pillars,
          nicolae_vaults_little_squares_6, v_misc_3,
          ontoclasm_vaults_claustrophobia, v_misc_22,
          nicolae_vaults_angled_halls, v_misc_12, grunt_vaults_hallway_short,
          layout_vaults_ring
Vaults:5: serial_shops
Depths:1: layout_gridlike, hell_entry, nicolae_abyss_entry_one_way_or_another,
          hangedman_abyss_or_decor_slice, serial_bayou_pond_c,
          minmay_misc_feat_doors, grunt_ministairs_3,
          minmay_misc_feat_diagonals, chequers_big_river,
          minmay_variable_closet, nicolae_lava_and_water,
          kennysheep_generic_room_3
Depths:2: nicolae_whirlpool, layout_cave_pools, enter_ziggurat_b,
          abyss_entry_flame_altar, serial_sigils_hangedman_leer, hell_entry,
          nrook_kobold_shadow_demons, infiniplex_staircase_river,
          serial_bayou_shore_b, uniq_enchantress, uniq_saint_roka
Depths:3: minmay_outward_triangles, layout_cave_pools, rand_demon_pan_entry_3,
          serial_shops, shop, hell_entry, abyss_entry_crystal,
          minmay_fountain_box, minmay_shop_star,
          minmay_staircase_statues_hall_small
Depths:4: gammafunk_sealed_arena, layout_basic, kennysheep_cluttered_room,
          abyss_entry_glasseish, serial_shops, kennysheep_mini_moat, hell_entry,
          grunt_pan_entry_zigzag, lemuel_old_faithful, uniq_boris
Depths:5: grunt_zot_entry_pinwheel, layout_cave_shapes, hellmouth_1,
          minmay_misc_feat_cross, horrible_house_mu
Zot:1:    kennysheep_blocky_room, layout_cellular_growth, grunt_ministairs_10
Zot:2:    layout_cathedral_of_symmetry, grunt_ministairs_10, grunt_megastairs_3
Zot:3:    lemuel_firehouse, layout_cathedral_of_symmetry, skrybe_zot_glass_1
Zot:4:    lemuel_draconian_sentries_small, layout_cellular_growth,
          hangedman_zot_decor_checkerboard, st_stairs_7
Zot:5:    layout_twisted_circle

Skill      XL: |  1  2  3  4  5  6  7  8  9 10 11 12 13 14 15 16 17 18 19 20 21 22 23 24 25 26 27 |
---------------+----------------------------------------------------------------------------------+-----
Dodging        | 2 4 6 10 12 13 14 | 14.0
Armour         | 3 4 5 7 9 10 11 12 13 14 15 16 18 19 20 21 22 24 | 24.5
Fighting       | 4 5 6 7 9 10 12 13 14 15 16 17 19 20 21 22 23 25 | 25.1
Maces & Flails | 4 5 7 8 9 11 12 13 14 16 17 18 | 18.6
Evocations     | 4 6 8 9 10 12 14 15 16 17 | 17.0
Shields        | 3 4 6 9 11 13 14 16 17 18 19 20 21 22 24 | 24.6

Action                   |  1- 3 |  4- 6 |  7- 9 | 10-12 | 13-15 | 16-18 | 19-21 | 22-24 | 25-27 || total
-------------------------+-------+-------+-------+-------+-------+-------+-------+-------+-------++-------
Melee: Mace              |    61 |       |       |       |       |       |       |       |       ||    61
       Whip              |    82 |   137 |   480 |   190 |       |       |       |       |       ||   889
       Eveningstar       |       |       |       |   338 |  1036 |  1013 |  1138 |  1483 |  1799 ||  6807
       Unarmed           |       |       |       |       |       |       |       |     1 |       ||     1
Invok: Berserk           |     2 |     1 |     4 |     7 |     6 |     1 |       |     1 |       ||    22
       Trog's Hand       |       |       |     3 |     7 |     2 |     4 |    10 |    23 |    13 ||    62
       Brothers in Arms  |       |       |     2 |     5 |    10 |     3 |     4 |     4 |     6 ||    34
 Abil: Fly               |       |       |       |       |       |     1 |       |     1 |     1 ||     3
       Stop Flying       |       |       |       |       |       |       |       |     2 |       ||     2
Evoke: Wand              |       |       |       |    15 |     1 |    19 |       |     5 |    13 ||    53
       Condenser vane    |       |       |       |       |     1 |     5 |     6 |     8 |     8 ||    28
       Tin of tremorston |       |       |       |       |       |     3 |     2 |     5 |     6 ||    16
       Lightning rod     |       |       |       |       |       |       |       |     4 |     2 ||     6
       Box of beasts     |       |       |       |       |       |       |       |       |     4 ||     4
  Use: Scroll            |       |       |       |    22 |    19 |     5 |     2 |    15 |    10 ||    73
       Potion            |       |       |       |     4 |     1 |     1 |     2 |     7 |    11 ||    26
 Stab: Confused          |       |       |       |       |     1 |     1 |       |       |       ||     2
       Distracted        |       |       |       |       |       |       |       |       |     3 ||     3
Armor: Leather armour    |    38 |       |       |       |       |       |       |       |       ||    38
       Ring mail         |    23 |    69 |   167 |       |       |       |       |       |       ||   259
       Scale mail        |       |       |    65 |   240 |   327 |       |       |       |       ||   632
       Skin              |       |       |       |     2 |     3 |       |       |       |       ||     5
       Chain mail        |       |       |       |       |   178 |       |       |       |       ||   178
       Plate armour      |       |       |       |       |   111 |   766 |   670 |    60 |       ||  1607
       Ice dragon scales |       |       |       |       |       |       |       |   675 |  1032 ||  1707
Dodge: Dodged            |   115 |    85 |   200 |   231 |   354 |   375 |   272 |   350 |   509 ||  2491
Block: Buckler           |       |       |       |     5 |   220 |       |       |       |       ||   225
       Tower shield      |       |       |       |       |   308 |  1454 |  1346 |  1914 |  2497 ||  7519
       Reflection        |       |       |       |       |       |    38 |   103 |   137 |    50 ||   328
